 Dungeon Crawl Stone Soup version 0.24.1-14-gf8d2b509d9 (webtiles) character file.

Game seed: 16896045311982454020, levelgen mode: deterministic

47 Hugehornet the Insei (level 3, -9/23 HPs)
             Began as an Octopode Transmuter on May 17, 2020.
             Mangled by Sigmund
             ... wielding a +0 scythe
              (11 damage)
             ... on level 2 of the Dungeon.
             The game lasted 00:01:45 (1258 turns).

Hugehornet the Insei (Octopode Transmuter)          Turns: 1258, Time: 00:01:46

Health: -9/23      AC:  2    Str:  9    XL:     3   Next: 70%
Magic:  1/6        EV: 19    Int: 16    God:
Gold:   59         SH:  0    Dex: 17    Spells: 1/7 levels left

rFire    . . .     SeeInvis .     - Unarmed
rCold    . . .     Gourm    .   (shield currently unavailable)
rNeg     . . .     Faith    .   (helmet currently unavailable)
rPois    x         Spirit   .   (no amulet)
rElec    .         Reflect  .   (no ring)
rCorr    .         Harm     .   (no ring)
MR       .....                  (no ring)
Stlth    ++........             (no ring)
HPRegen  0.07/turn              (no ring)
MPRegen  0.10/turn              (no ring)
                                (no ring)
                                (no ring)

@: spider-form (expiring), very slightly contaminated
A: tiny, almost no armour, stealthy swim, (amphibious), 8 rings, (constrict 8)
a: End Transformation


You were on level 2 of the Dungeon.
You were hungry.
You were a venomous arachnid creature.
You visited 1 branch of the dungeon, and saw 2 of its levels.

You collected 59 gold pieces.

Inventory:

Missiles
 a - 12 arrows
Armour
 b - a +2 hat (melded)
 j - a +0 buckler
Scrolls
 d - 2 scrolls of amnesia {unknown}
 f - 2 scrolls of blinking {unknown}
 g - 2 scrolls of remove curse {unknown}
 h - 2 scrolls of identify {unknown}
 i - a scroll of magic mapping {unknown}
 k - a scroll of noise {unknown}
 l - a scroll of immolation {unknown}
Comestibles
 c - 3 rations


   Skills:
 - Level 1.0 Fighting
 - Level 2.0 Dodging
 + Level 3.1 Unarmed Combat
 + Level 2.5 Spellcasting
 - Level 3.0 Transmutations
 * Level 1.3 Poison Magic


You had one spell level left.
You knew the following spells:

 Your Spells              Type           Power        Failure   Level  Hunger
a - Beastly Appendage     Tmut           ##....       17%         1    #......
b - Sticks to Snakes      Tmut           ##......     22%         2    ##.....
c - Spider Form           Tmut/Pois      #.........   45%         3    ###....

Your spell library contained the following spells:

 Spells                   Type           Power        Failure   Level  Hunger
 Ice Form                 Ice/Tmut       #.......     87%         4    #####..
 Blade Hands              Tmut           ##........   95%         5    ######.


Dungeon Overview and Level Annotations

Branches:
Dungeon (2/15)

Altars:

Annotations:
D:2 Sigmund


Innate Abilities, Weirdness & Mutations

You cannot wear most types of armour.
You are very stealthy in the water. (Stealth+)
((You are amphibious.))
You can wear up to eight rings at the same time.
((You can use your tentacles to constrict eight enemies at once.))
((Your skin changes colour to match your surroundings (Stealth+).))
((Your rubbery body absorbs attacks. (AC +1, EV +1)))


Message History

* * * LOW HITPOINT WARNING * * *
You see here a leather armour.
You hit Sigmund.
Sigmund is lightly wounded.
It was a potion of curing.
You feel better. Sigmund barely misses you.
You hit Sigmund but do no damage.
Sigmund is poisoned.
Sigmund is lightly wounded.
Sigmund points at you and mumbles some strange words.
The magic dart hits you.
You closely miss Sigmund.
Sigmund is lightly wounded.
Sigmund gestures wildly while chanting.
Sigmund flickers and vanishes!
Deactivating autopickup; reactivate with Ctrl-A.
You barely miss something. Something hits you!
* * * LOW HITPOINT WARNING * * *
You barely miss something.
Your transformation is almost over.
You hit something but do no damage. Something hits you!
You die...

#. ###.........#. #.
............. #..
#####.##.†.<#.#. #..##
..#........#... # ...
#.####.....#...
.##.##.####.## #.###.#...
.........#...###.###.#.#)
#>.$.{................†
#....#s#...###.###.#.#.
#.##.#.#.(.##......#.#. #
..#.##.###......#...
##.#.##.# #......#..#
.@#.##.# ##.###.#.).
###.##.# #.. <.#...
..##.# #...###### ...
.... .#. #..


There were no monsters in sight!

Vanquished Creatures
  2 adders (D:2)
  A leopard gecko (D:1)
  4 giant cockroaches
  2 goblins
  4 hobgoblins (D:1)
  6 bats (D:1)
  3 frilled lizards (D:1)
  2 kobolds (D:1)
  5 rats (D:1)
29 creatures vanquished.

Notes
Turn   | Place    | Note
-------+----------+-------------------------------------------
     0 | D:1      | Hugehornet the Octopode Transmuter began the quest for the
                  | Orb.
     0 | D:1      | Reached XP level 1. HP: 13/13 MP: 3/3
   336 | D:1      | Reached XP level 2. HP: 18/18 MP: 3/5
   340 | D:1      | Learned a level 2 spell: Sticks to Snakes
   926 | D:1      | Reached XP level 3. HP: 23/23 MP: 6/6
   931 | D:1      | Learned a level 3 spell: Spider Form
  1177 | D:2      | Reached skill level 1 in Poison Magic
  1245 | D:2      | Noticed Sigmund
  1258 | D:2      | Mangled by Sigmund

Levels and vault maps discovered:
D:1:      dpeg_arrival_tiny_c, layout_loops_cross, minmay_unequal
D:2:      layout_basic, uniq_sigmund

Skill      XL: |  1  2  3 |
---------------+----------+-----
Transmutations | 3 |  3.0
Poison Magic   | 1 |  1.3
Fighting       | |  1.0
Dodging        | |  2.0
Unarmed Combat | |  3.1
Spellcasting   | |  2.5

Action                   || total
-------------------------++-------
Melee: Unarmed           ||    75
       Constrict         ||    20
       Tentacles         ||     7
       Kick              ||    11
 Cast: Beastly Appendage ||    19
       Spider Form       ||     1
  Use: Potion            ||     1
 Stab: Sleeping          ||     5
  Eat: Chunk             ||     1
Armor: Skin              ||    16
Dodge: Dodged            ||    47
